 Dungeon Crawl Stone Soup version 0.23-a0-582-g1b4a0ca (webtiles) character file.

931 Azzok the Firebug (level 7, 0/46 HPs)
             Began as a Demonspawn Fire Elementalist on Dec 16, 2018.
             Slain by a wight
             ... wielding a +1 dagger of freezing
              (1 damage)
             ... on level 6 of the Dungeon.
             The game lasted 00:08:43 (6820 turns).

Azzok the Firebug (Demonspawn Fire Elementalist)    Turns: 6820, Time: 00:08:44

Health: 0/46       AC:  5    Str:  8    XL:     7   Next: 86%
Magic:  10/14      EV: 11    Int: 19    God:
Gold:   363        SH:  0    Dex: 13    Spells: 8/16 levels left

rFire    + . .     SeeInvis +   q - +2 dagger (drain)
rCold    . . .     Gourm    .   (no shield)
rNeg     . . .     Faith    .   a - +0 robe
rPois    .         Spirit   .   (no helmet)
rElec    .         Reflect  .   (no cloak)
rCorr    .         Harm     .   t - +0 pair of gloves
MR       +....                  (no boots)
Stlth    +.........             (no amulet)
HPRegen  0.15/turn              b - ring of see invisible
MPRegen  0.14/turn              k - ring of protection from magic

@: drained
A: claws 1, yellow scales 1, fire resistance 1
a: no special abilities


You were on level 6 of the Dungeon.
You were not hungry.

You visited 1 branch of the dungeon, and saw 6 of its levels.

You collected 363 gold pieces.

Inventory:

Hand Weapons
 q - a +2 dagger of draining (weapon)
Armour
 a - a +0 robe (worn)
 i - a +0 buckler
 t - a +0 pair of gloves (worn)
Jewellery
 b - a ring of see invisible (left hand)
 k - a ring of protection from magic (right hand)
Wands
 h - a wand of disintegration (10)
Scrolls
 d - a scroll of fog
 g - a scroll of enchant armour {unknown}
 m - 3 scrolls of remove curse
 p - a scroll of blinking {unknown}
Potions
 e - a potion of invisibility
 f - 2 potions of magic
 j - a potion of brilliance {unknown}
 l - a potion of curing {unknown}
 n - a potion of agility {unknown}
 o - a potion of ambrosia {unknown}
 r - a potion of mutation {!q}
 s - a potion of resistance {unknown}
Comestibles
 c - 7 rations


   Skills:
 - Level 1.7(0.7) Dodging
 - Level 1.7(0.7) Stealth
 + Level 5.1(3.9) Spellcasting
 + Level 5.2(4.0) Conjurations
 + Level 5.4(4.2) Fire Magic


You had 8 spell levels left.
You knew the following spells:

 Your Spells              Type           Power        Failure   Level  Hunger
a - Flame Tongue          Conj/Fire      ###..        2%          1    None
b - Conjure Flame         Conj/Fire      ###.....     8%          3    ###....
c - Sticky Flame          Conj/Fire      ###.....     26%         4    ####...

Your spell library contained the following spells:

 Spells                   Type           Power        Failure   Level  Hunger
 Throw Flame              Conj/Fire      ###...       3%          2    ##.....
 Shock                    Conj/Air       ##..         6%          1    None
 Infusion                 Chrm           #...         14%         1    None
 Inner Flame              Hex/Fire       ##......     17%         3    ###....
 Static Discharge         Conj/Air       ##......     19%         3    ###....
 Shroud of Golubria       Chrm/Tloc      #.........   22%         2    ##.....
 Song of Slaying          Chrm           #.......     22%         2    ##.....
 Swiftness                Chrm/Air       #.......     22%         2    ##.....
 Regeneration             Chrm/Necr      #.........   38%         3    ###....
 Spectral Weapon          Hex/Chrm       #.......     38%         3    ###....
 Fireball                 Conj/Fire      ###.......   56%         5    ######.
 Airstrike                Air            #.........   80%         4    ####...
 Lightning Bolt           Conj/Air       ##........   86%         5    ######.


Dungeon Overview and Level Annotations

Branches:
Dungeon (6/15)
 Temple: D:4-7

Altars:
Cheibriados
Dithmenos
Makhleb
Nemelex Xobeh
Okawaru
Sif Muna
Wu Jian

Shops:
D:4 *(

Annotations:
D:5 exclusion: door


Innate Abilities, Weirdness & Mutations

You have sharp fingernails.
You are partially covered in yellow scales. (AC +2)
Your flesh is heat resistant. (rF+)


Message History

* * * LOW HITPOINT WARNING * * *
You feel drained. The wight closely misses you.
The wight hits you but does no damage.
Casting: Flame Tongue (safe; 2% risk of failure)
Confirm with . or Enter, or press ? or * to list all spells.
Aiming: Flame Tongue (safe; 2% risk of failure)
Press: ? - help, Shift-Dir - straight line, f/p - wight
Aim: a wight, wielding a +1 dagger of freezing and wearing a +0 robe (heavily The flame tongue hits the wight.
The wight is heavily damaged.
The wight hits you with a +0 morningstar.
* * * LOW HITPOINT WARNING * * *
The wight hits you with a +7 spear of freezing!
* * * LOW HITPOINT WARNING * * *
You feel drained. The wight freezes you.
* * * LOW HITPOINT WARNING * * *
The wight hits you with a +1 dagger of freezing.
* * * LOW HITPOINT WARNING * * *
The wight freezes you.
You die...

▒▒·········▒ ▒
▒········▒▒▒
▒·········▒
▒·········▒▒
▒··········▒▒
▒··············▒
▒··[············▒
▒·z†▒············
▒z@·▒·····▒▒▒▒···
▒··z·······▒ ···
▒··········▒ ·
▒▒▒▒·······▒
▒▒·····▒▒ ▒···▒▒
▒▒▒▒


You could see 3 wights.

Vanquished Creatures
  An ice beast (D:5)
  A phantom (D:5)
  A bullfrog (D:5)
  A scorpion (D:5)
  2 wights
  A hound (D:4)
  A bullfrog zombie (D:5)
  An orc priest (D:4)
  A centaur skeleton (D:6)
  4 orc wizards
  3 worker ants
  Terence (D:2)
  A hound zombie (D:3)
  4 gnolls
  6 adders
  2 oozes (D:3)
  An adder skeleton (D:5)
  A worm (D:3)
  3 dart slugs
  A leopard gecko (D:4)
  18 orcs
  4 giant cockroaches
  3 goblins
  7 hobgoblins
  15 jackals
  A quokka (D:3)
  7 bats
  8 frilled lizards
  A jackal skeleton (D:4)
  6 kobolds
  7 rats
114 creatures vanquished.

Notes
Turn   | Place    | Note
-------+----------+-------------------------------------------
     0 | D:1      | Azzok the Demonspawn Fire Elementalist began the quest for
                  | the Orb.
     0 | D:1      | Reached XP level 1. HP: 13/13 MP: 3/3
   285 | D:1      | Gained mutation: You are partially covered in yellow
                  | scales. (AC +2) [demonic ancestry]
   285 | D:1      | Reached XP level 2. HP: 19/19 MP: 0/5
  1075 | D:2      | Reached XP level 3. HP: 24/24 MP: 3/6
  1698 | D:2      | Reached XP level 4. HP: 25/30 MP: 0/8
  2083 | D:2      | Noticed Terence
  2096 | D:2      | Learned a level 3 spell: Conjure Flame
  2124 | D:2      | Killed Terence
  2722 | D:3      | Gained mutation: Your flesh is heat resistant. (rF+)
                  | [demonic ancestry]
  2722 | D:3      | Reached XP level 5. HP: 21/35 MP: 0/9
  3009 | D:3      | Found a deep blue altar of Sif Muna.
  3350 | D:2      | Learned a level 4 spell: Sticky Flame
  3840 | D:3      | Found an ornate altar of the Wu Jian Council.
  3842 | D:3      | Gained mutation: You have sharp fingernails. [demonic
                  | ancestry]
  3842 | D:3      | Reached XP level 6. HP: 41/41 MP: 9/11
  4059 | D:4      | Found a sparkling altar of Nemelex Xobeh.
  4648 | D:4      | Found Gith's Weapon Shoppe.
  4680 | D:4      | Found Woiroam's Assorted Antiques.
  5098 | D:5      | Entered Level 5 of the Dungeon
  5193 | D:5      | Noticed an ice beast
  5208 | D:5      | Killed an ice beast
  5208 | D:5      | Reached XP level 7. HP: 46/46 MP: 7/13
  5836 | D:5      | Reached skill level 5 in Fire Magic
  6157 | D:5      | Reached skill level 5 in Conjurations
  6220 | D:5      | Found a faded altar of an unknown god.
  6220 | D:5      | Found a snail-covered altar of Cheibriados.
  6225 | D:5      | Found an iron altar of Okawaru.
  6227 | D:5      | Found a faded altar of an unknown god.
  6229 | D:5      | Found a shadowy altar of Dithmenos.
  6435 | D:5      | Found a burning altar of Makhleb.
  6708 | D:6      | Reached skill level 5 in Spellcasting
  6820 | D:6      | HP: 1/46 [wight/+1 dagger of freezing (2)]
  6820 | D:6      | Slain by a wight

Vault maps used:
D:1:      giann_wishing_wells, supply_closet_lemuel
D:2:      uniq_terence
D:3:      led_sif_book, lemuel_coloured_pillars_altar, first_ration
D:4:      kennysheep_mini, serial_shops, kennysheep_little_box, shop
D:5:      makhleb_grotto_becter, chequers_temple_overflow_minitemple
D:6:      marbit_many_paths, minmay_temple_entry_stoned_glass,
          serial_bayou_pond_d

Skill      XL: |  1  2  3  4  5  6  7 |
---------------+----------------------+-----
Fire Magic     | 3 4 5 |  5.4
Conjurations   | 2 3 4 5 |  5.2
Spellcasting   | 3 4 5 |  5.1
Dodging        | |  1.7
Stealth        | |  1.7

Action                   |  1- 3 |  4- 6 |  7- 9 || total
-------------------------+-------+-------+-------++-------
Melee: Unarmed           |     3 |       |       ||     3
       Short sword       |     6 |     6 |       ||    12
       Dagger            |       |    11 |    46 ||    57
 Cast: Flame Tongue      |    52 |   152 |    59 ||   263
       Conjure Flame     |       |     1 |       ||     1
       Sticky Flame      |       |     2 |     2 ||     4
  Use: Scroll            |       |    10 |     1 ||    11
  Eat: Chunk             |     3 |    11 |     2 ||    16
       Ration            |       |       |     1 ||     1
Armor: Robe              |     6 |    41 |    19 ||    66
Dodge: Dodged            |    14 |    47 |    33 ||    94

Table legend:
 A = Non-vault XP
 B = Vault XP
 C = Vault XP percentage of total XP
 D = Non-vault monster count
 E = Vault monster count
 F = Vault count percentage of total count
                 A         B        C        D         E       F
            +---------+---------+-------+---------+---------+-------
      Total |    1217 |     113 |   8.5 |     111 |       3 |   2.6
            +---------+---------+-------+---------+---------+-------
        D:1 |      33 |       0 |   0.0 |      10 |       0 |   0.0
        D:2 |      96 |      32 |  25.0 |      22 |       1 |   4.3
        D:3 |     145 |      81 |  35.8 |      31 |       2 |   6.1
        D:4 |     258 |       0 |   0.0 |      24 |       0 |   0.0
        D:5 |     583 |       0 |   0.0 |      20 |       0 |   0.0
        D:6 |     102 |       0 |   0.0 |       4 |       0 |   0.0
            +---------+---------+-------+---------+---------+-------
